 Dungeon Crawl Stone Soup version 0.23.2-40-g277498a (webtiles) character file.

Game seed: 814482354419229837

449 CrazyJ the Caller (level 6, -6/50 HPs)
             Began as a Draconian Summoner on Sept 16, 2019.
             Killed from afar by an orc wizard (8 damage)
             ... with a magic dart
             ... on level 4 of the Dungeon.
             The game lasted 00:22:01 (4310 turns).

CrazyJ the Caller (Draconian Summoner)              Turns: 4310, Time: 00:22:01

Health: -6/50      AC:  6    Str: 10    XL:     6   Next: 74%
Magic:  2/10       EV: 18    Int: 18    God:
Gold:   205        SH:  0    Dex: 16    Spells: 2/11 levels left

rFire    . . .     SeeInvis .   c - +0 spear
rCold    . . .     Gourm    .   (no shield)
rNeg     . . .     Faith    .   (armour unavailable)
rPois    .         Spirit   .   (helmet restricted)
rElec    .         Reflect  .   (no cloak)
rCorr    +         Harm     .   (no gloves)
MR       .....                  (no boots)
Stlth    +++.......             (no amulet)
HPRegen  0.16/turn              u - ring of resist corrosion
MPRegen  0.12/turn              (no ring)

@: agile, hasted, very quick
A: unfitting armour, cold-blooded, AC +6
a: no special abilities


You were on level 4 of the Dungeon.
You were hungry.

You visited 1 branch of the dungeon, and saw 4 of its levels.

You collected 205 gold pieces.

Inventory:

Hand Weapons
 c - a +0 spear (weapon)
 l - a +0 dagger
Missiles
 h - 8 javelins (quivered)
 j - 13 tomahawks
 m - 71 stones
 t - 3 poisoned tomahawks
Jewellery
 u - a ring of resist corrosion (left hand)
Wands
 v - a wand of random effects (13)
Scrolls
 a - a scroll of remove curse
 e - a scroll of fear
 n - 3 scrolls of identify
 o - a scroll of enchant armour
Potions
 d - a potion of lignification
 k - a potion of magic
Comestibles
 b - 6 rations
 f - 3 chunks of flesh


   Skills:
 + Level 2.7 Fighting
 + Level 2.3 Polearms
 + Level 3.1 Dodging
 - Level 1.7 Stealth
 + Level 3.1 Spellcasting
 + Level 1.0 Hexes
 * Level 5.7 Summonings


You had 2 spell levels left.
You knew the following spells:

 Your Spells              Type           Power        Failure   Level  Hunger
a - Summon Small Mammal   Summ           ###.         1%          1    None
b - Call Imp              Summ           ###.....     2%          2    ##.....
c - Call Canine Familiar  Summ           ###.....     4%          3    ###....
d - Summon Guardian Gole  Hex/Summ       ###.....     12%         3    ###....

Your spell library contained the following spells:

 Spells                   Type           Power        Failure   Level  Hunger
 Summon Ice Beast         Ice/Summ       ##......     45%         4    ####...
 Summon Lightning Spire   Summ/Air       ##......     45%         4    ####...


Dungeon Overview and Level Annotations

Branches:
Dungeon (4/15)
 Temple: D:4-7

Altars:

Annotations:
D:4 Pikel


Innate Abilities, Weirdness & Mutations

Your plain brown scales are hard. (AC +6)
You cannot fit into any form of body armour.
You are cold-blooded and may be slowed by cold attacks.


Message History

The orc is heavily wounded.
The orc barely misses you. The orc wizard barely misses you.
The jackal closely misses you.
You closely miss the orc.
The orc is heavily wounded.
The orc hits you but does no damage. The orc wizard misses you.
The orc barely misses you.
You hit the orc.
You kill the orc!
The jackal closely misses you. The orc wizard casts a spell at you.
You resist with some effort.
Unknown command.
The orc hits you with a +0 flail.
* * * LOW HITPOINT WARNING * * *
There is a stone staircase leading up, spattered with blood here.
Items here: ))) [[ † The orc wizard gestures at you while chanting.
The magic dart hits you!
You die...

.>. #.# #.# #.# #
###.####.#####
.oo8. ....[..
##..####o##........
...o.hoh@...5....(.
###.####o.#........
##.# .#....o #.#
.##.#.## #.#
##...<# #.# #..#..#
#$# #. ##.oo #.# #
o### .# ##


You could see an orc wizard, 5 orcs, 2 jackals, a friendly guardian golem and a
friendly crimson imp.

Vanquished Creatures
  3 orc wizards
  A hound (D:4)
  Jessica (D:3)
  Natasha (twice) (D:3)
  2 gnolls (D:3)
  3 adders
  An ooze (D:3)
  9 orcs
  8 bats
  3 giant cockroaches
  4 goblins
  5 hobgoblins
  3 jackals
  2 quokkas (D:3)
  3 ball pythons (D:1)
  A frilled lizard (D:1)
  4 kobolds
  2 rats (D:3)
57 creatures vanquished.

Vanquished Creatures (collateral kills)
  4 orc wizards
  Natasha (D:3)
  A hound skeleton (D:2)
  6 adders
  A gnoll (D:3)
  2 oozes
  2 worms
  2 leopard geckos (D:3)
  9 orcs (D:3)
  2 bats
  2 giant cockroaches
  A goblin (D:1)
  2 hobgoblins
  A jackal (D:1)
  2 quokkas
  A ball python (D:1)
  3 frilled lizards
  2 kobolds
  4 rats
48 creatures vanquished.

Vanquished Creatures (others)
  2 minotaurs (D:1)
  3 vine stalkers (D:1)
  A troll (D:1)
  A formicid (D:1)
  3 spriggans (D:1)
  A naga (D:1)
  A mummy (D:1)
  An orc (D:1)
  2 kobolds (D:1)
  6 tentacles (D:1)
21 creatures vanquished.

Grand Total: 126 creatures vanquished

Notes
Turn   | Place    | Note
-------+----------+-------------------------------------------
     0 | D:1      | CrazyJ the Draconian Summoner began the quest for the Orb.
     0 | D:1      | Reached XP level 1. HP: 14/14 MP: 3/3
     2 | D:1      | Noticed a vine stalker
     2 | D:1      | Noticed a minotaur
     2 | D:1      | Noticed a minotaur
     2 | D:1      | Noticed a spriggan
     2 | D:1      | Noticed a kraken
     2 | D:1      | Noticed a troll
     2 | D:1      | Noticed a vine stalker
     2 | D:1      | Noticed a spriggan
     2 | D:1      | Noticed a naga
     2 | D:1      | Noticed a formicid
     2 | D:1      | Noticed a vine stalker
     2 | D:1      | Noticed a spriggan
     7 | D:1      | Killed a naga
     9 | D:1      | Killed a spriggan
     9 | D:1      | Killed a spriggan
    11 | D:1      | Killed a troll
    11 | D:1      | Killed a formicid
    13 | D:1      | Killed a minotaur
    13 | D:1      | Killed a vine stalker
    15 | D:1      | Killed a vine stalker
    15 | D:1      | Killed a spriggan
    17 | D:1      | Killed a vine stalker
    19 | D:1      | Killed a minotaur
   527 | D:1      | Reached XP level 2. HP: 20/20 MP: 5/5
   942 | D:1      | Learned a level 2 spell: Call Imp
  1589 | D:2      | Reached XP level 3. HP: 10/27 MP: 0/6
  1659 | D:2      | Reached skill level 1 in Fighting
  1813 | D:2      | Learned a level 3 spell: Call Canine Familiar
  2258 | D:2      | Reached XP level 4. HP: 29/35 MP: 1/7
  2269 | D:2      | Reached skill level 1 in Polearms
  2571 | D:3      | Noticed Natasha
  2588 | D:3      | Killed Natasha
  2794 | D:3      | Reached skill level 5 in Summonings
  2794 | D:3      | Reached XP level 5. HP: 41/41 MP: 2/8
  2981 | D:3      | Noticed Natasha
  3006 | D:3      | Noticed Jessica
  3070 | D:3      | Killed Jessica
  3169 | D:3      | Learned a level 3 spell: Summon Guardian Golem
  3493 | D:3      | Killed Natasha
  3577 | D:3      | Noticed Natasha
  3582 | D:3      | Killed Natasha
  3582 | D:3      | Reached XP level 6. HP: 48/48 MP: 6/10
  3842 | D:4      | Noticed Pikel
  3842 | D:4      | Noticed a slave
  3842 | D:4      | Noticed a slave
  3842 | D:4      | Noticed a slave
  3842 | D:4      | Noticed a slave
  4298 | D:4      | Reached skill level 1 in Hexes
  4309 | D:4      | HP: 1/50 [orc/+0 flail (5)]
  4310 | D:4      | Killed from afar by an orc wizard

Skill      XL: |  1  2  3  4  5  6 |
---------------+-------------------+-----
Dodging        | 2 3 |  3.1
Fighting       | 1 2 |  2.7
Polearms       | 1 2 |  2.3
Summonings     | 5 |  5.7
Spellcasting   | 3 |  3.1
Hexes          | 1 |  1.0
Stealth        | |  1.7

Action                   |  1- 3 |  4- 6 || total
-------------------------+-------+-------++-------
Melee: Unarmed           |    16 |       ||    16
       Club              |    24 |       ||    24
       Tailslap          |     8 |    13 ||    21
       Spear             |    72 |   238 ||   310
 Cast: Summon Small Mamm |     8 |     1 ||     9
       Call Imp          |    10 |    19 ||    29
       Call Canine Famil |     3 |    18 ||    21
       Summon Guardian G |       |     3 ||     3
  Use: Potion            |     2 |     3 ||     5
       Scroll            |       |     7 ||     7
 Stab: Sleeping          |     1 |     2 ||     3
       Distracted        |     1 |     1 ||     2
  Eat: Chunk             |     5 |    10 ||    15
Armor: Skin              |    54 |   100 ||   154
Dodge: Dodged            |   108 |   195 ||   303
